Map: Prion Terraces

Players

ironfish

  • Race: Terran Terran

RenegadeJay - Winner!

  • Race: Terran Terran

VOD

Have the link to the VOD?

Description

Time

  • Played on: Nov. 10, 2015, 2:06 p.m.
  • Length: 8:25
Show
View Real Time Build Order
Export as new Build Order

ironfish Terran 

Build Orders: Reaper Expand 

Get SALT Encoding   

  12  0:09  Supply Depot  
  12  0:18  Refinery  
  12  0:37  Barracks  
  12  1:08  Barracks  
  12  1:10  SCV  
  13  1:26  Reaper  
  14  1:42  Orbital Command  
  14  1:58  Reaper  
  15  2:04  Reaper  
  16  2:31  Reaper  
  16  2:36  Reaper  
  18  2:46  Command Center  
  18  3:03  Reaper  
  19  3:08  Reaper  
  19  3:35  Reaper  
  19  3:40  Reaper  
  15  4:06  Refinery, Orbital Command  
  15  4:07  Reaper  
  16  4:25  Marine  
  17  4:35  Refinery  
  16  4:39  Marine  
  16  4:42  Marine  
  17  4:53  Bunker  
  17  4:57  Marine  
  18  5:13  Engineering Bay  
  17  5:22  SCV  
  18  5:32  Factory  
  18  5:34  SCV  
  19  5:38  SCV  
  20  5:46  SCV  
  21  5:50  SCV  
  22  5:59  SCV  
  22  6:02  SCV  
  23  6:11  SCV  
  24  6:14  SCV  
  24  6:22  Starport  
  24  6:32  SCV  
  25  6:36  Widow Mine  
  27  6:42  Marine x2  
  27  6:44  SCV  
  30  6:56  SCV  
  31  7:05  Widow Mine  
  31  7:07  Starport  
  31  7:08  SCV  
  34  7:20  SCV, Barracks Tech Lab  
  35  7:37  Supply Depot  
  34  7:55  Supply Depot  
Show
View Real Time Build Order
Export as new Build Order

RenegadeJay Terran - Winner!

Build Orders:  

Get SALT Encoding   

  12  0:06  SCV  
  13  0:18  SCV  
  14  0:30  SCV  
  15  0:36  Supply Depot  
  15  0:57  SCV  
  15  0:58  Barracks  
  16  1:09  SCV  
  17  1:13  Refinery  
  17  1:25  Refinery  
  17  1:28  SCV  
  17  1:29  Supply Depot  
  18  1:38  Barracks  
  18  1:40  SCV  
  19  1:52  SCV  
  20  2:03  Reaper  
  20  2:06  Orbital Command  
  21  2:23  Barracks  
  21  2:27  Bunker  
  21  2:29  Reaper  
  22  2:35  Reaper  
  23  2:46  SCV  
  24  2:58  SCV  
  25  3:18  Marine  
  25  3:19  Marine x2  
  23  4:04  Marine  
  23  4:05  Marine x2  
  23  4:07  SCV  
  27  4:13  Bunker  
  27  4:19  SCV  
  28  4:31  SCV  
  27  4:43  SCV  
  28  4:54  Barracks Reactor, Barracks Tech Lab  
  28  4:58  SCV  
  29  5:02  Barracks Reactor  
  29  5:06  Factory  
  29  5:10  SCV  
  29  5:11  Command Center  
  30  5:22  SCV  
  30  5:25  Supply Depot  
  31  5:46  Marine x2  
  31  5:47  Marauder  
  31  5:48  Supply Depot  
  35  6:04  Marine x2  
  35  6:08  Marauder  
  39  6:13  Supply Depot  
  38  6:22  Factory Tech Lab  
  37  6:30  Marauder  
  39  6:38  Supply Depot  
  39  6:45  Siege Tank  
  42  6:49  Marine x2  
  42  6:51  Marine  
  42  6:52  Marauder, Marine  
  48  7:01  Engineering Bay  
  48  7:04  Orbital Command  
  48  7:07  SCV, Marine x2  
  51  7:09  Marine  
  51  7:14  Marauder  
  54  7:17  Siege Tank  
  54  7:19  SCV  
Tags
 
Add a new tag
Caveats
  • Supply blocks, unpowered buildings, or Contaminate may cause inaccurate times.
  • Supply counts are checked every 10 seconds.